 Dungeon Crawl Stone Soup version 0.28.0 (webtiles) character file.

Game seed: 11265896832596617601

1205 AmazingTV the Skirmisher (level 8, 0/71 HPs)
             Began as a Minotaur Fighter on Mar 22, 2024.
             Slain by an ice beast (12 damage)
             ... on level 6 of the Dungeon.
             The game lasted 00:13:27 (5178 turns).

AmazingTV the Skirmisher (Minotaur Fighter)         Turns: 5178, Time: 00:13:28

Health: 0/71       AC: 12    Str: 20    XL:     8   Next: 21%
Magic:  0/7        EV: 10    Int: 13    God:
Gold:   300        SH:  5    Dex: 11    Spells: 7/7 levels left

rFire   . . .      SeeInvis .   b - +2 flail (holy) {mace}
rCold   . . .      Faith    .   c - +0 buckler
rNeg    . . .      Spirit   +   n - +2 ring mail {rPois}
rPois   +          Reflect  .   (helmet restricted)
rElec   .          Harm     .   f - +1 cloak
rCorr   .          Rampage  .   (no gloves)
Will    +....                   z - +0 pair of boots
Stlth   +.........              o - amulet of guardian spirit
HPRegen 0.21/turn               E - +6 ring of intelligence
MPRegen 0.10/turn               H - ring of willpower

@: no status effects
A: horns 2, retaliatory headbutt
a: no special abilities


You were on level 6 of the Dungeon.
You visited 1 branch of the dungeon, and saw 6 of its levels.

You collected 300 gold pieces.


Innate Abilities, Weirdness & Mutations

You have a pair of horns on your head.
You reflexively headbutt those who attack you in melee.


   Skills:
 + Level 6.4 Fighting
 + Level 5.7(6.6) Axes
 + Level 4.9(6.2) Maces & Flails
 + Level 6.4 Armour
 + Level 6.3 Shields


You had 7 spell levels left.
You didn't know any spells.
Your spell library was empty.

Inventory:

Hand Weapons
 a - a +0 war axe {axe}
 b - a +2 flail of holy wrath (weapon) {mace}
   (You took it off an orc on level 4 of the Dungeon)
 s - a +2 dagger of venom {short}
   (You took it off a kobold on level 3 of the Dungeon)
 A - a +0 hunting sling {sling}
   (You found it on level 3 of the Dungeon)
 I - a +1 short sword of speed {short}
   (You took it off a kobold on level 4 of the Dungeon)
 M - a +4 shortbow {bow}
   (You took it off a centaur on level 5 of the Dungeon)
Missiles
 e - 208 stones (quivered)
 u - 6 poisoned darts
 y - 48 sling bullets
 F - 33 bolts
 J - 32 arrows
Armour
 c - a +0 buckler (worn)
 f - a +1 cloak (worn)
   (You found it on level 1 of the Dungeon)
 n - a +2 ring mail of poison resistance (worn)
   (You found it on level 2 of the Dungeon)
 q - a +1 ring mail of cold resistance
   (You found it on level 2 of the Dungeon)
 z - a +0 pair of boots (worn)
   (You found it on level 4 of the Dungeon)
Jewellery
 l - an amulet of faith {!P}
   (You found it on level 2 of the Dungeon)
 o - an amulet of guardian spirit (around neck)
   (You took it off a goblin on level 2 of the Dungeon)
 E - a +6 ring of intelligence (left hand)
   (You found it on level 4 of the Dungeon)
 H - a ring of willpower (right hand)
   (You found it on level 4 of the Dungeon)
Wands
 t - a wand of flame (20)
   (You found it on level 6 of the Dungeon)
Scrolls
 g - a scroll of magic mapping {unknown}
 i - 4 scrolls of teleportation {@r4}
 m - 3 scrolls of identify {unknown}
 p - 3 scrolls of enchant armour {unknown}
 v - a scroll of vulnerability {unknown}
 w - a scroll of noise {unknown}
 B - a scroll of summoning {unknown}
 D - a scroll of holy word {unknown}
 G - a scroll of enchant weapon {unknown}
 K - a scroll of blinking {unknown}
 L - a scroll of immolation {unknown}
Potions
 d - a potion of might
 h - 2 potions of mutation {unknown}
 j - 2 potions of berserk rage {unknown}
 k - 2 potions of heal wounds {unknown}
 r - 3 potions of curing {unknown}
 x - a potion of ambrosia {unknown}
 C - a potion of brilliance {unknown}

Dungeon Overview and Level Annotations

Branches:
Dungeon (6/15)
 Temple: D:4-7

Altars:
Fedhas
Kikubaaqudgha

Annotations:
D:6 Dowan

#.##...##.#.#.#.#.#.#.#..#
#.#.##.##.#.#.#.#.#...#
#.#.##.#.#.#.#.#.#.#..# #
#.##.##.#.#.#.#.#.#.#
#.#.#.g#e#.#.#.#.##<#
...####(#.#.#.#.#...# #.#
#.#.###.#..###### #. #..#
#Y##. # #.#g###@##
..###gg..# ### #s##### #.#
#. . ##


You could see an ice beast, a gnoll sergeant, a scorpion and a gnoll.


Message History

The gnoll sergeant completely misses you.
Dowan says, "Her death will not be in vain!"
The gnoll sergeant hits you with a +0 spear.
You block the bullfrog skeleton's attack. 😕 HP[-3]
You take 3 damage, and now have 56/71 hp.
You barely miss the gnoll sergeant.
The gnoll hits you from afar with a +0 spear.
The bullfrog skeleton hits you but does no damage.
The gnoll sergeant barely misses you. You furiously retaliate!
You headbutt the gnoll sergeant, but do no damage. 😮 HP[-4] MP[-1]
You take 4 damage, and now have 52/71 hp.
You lost 1 mp, and now have 6/7 mp.
The gnoll sergeant blocks your attack.
You block the bullfrog skeleton's attack.
The gnoll barely misses you.
Dowan casts a spell.
Dowan blinks!
The gnoll sergeant closely misses you. The bullfrog skeleton misses you.
You barely miss the gnoll sergeant. The gnoll sergeant blocks your attack.
You block the gnoll's attack.
The gnoll sergeant hits you with a +0 spear.
The bullfrog skeleton barely misses you.
The gnoll hits you from afar with a +0 spear. 😮 HP[-6]
You take 6 damage, and now have 46/71 hp.
You hit the gnoll sergeant but do no damage.
The gnoll barely misses you.
You block the bullfrog skeleton's attack.
The gnoll sergeant hits you but does no damage.
Dowan gestures wildly while chanting.
Dowan blinks!
The gnoll hits you from afar with a +0 spear.
The gnoll barely misses you.
The bullfrog skeleton barely misses you.
You furiously retaliate!
You headbutt the bullfrog skeleton, but do no damage. 😮 HP[-2]
You take 2 damage, and now have 44/71 hp.
You thump the bullfrog skeleton!
The bullfrog skeleton convulses!
You headbutt the bullfrog skeleton.
You destroy the bullfrog skeleton!
The gnoll sergeant hits you but does no damage.
The gnoll closely misses you. You block the gnoll's attack.
You block the gnoll sergeant's attack. You block the gnoll's attack.
The gnoll sergeant hits you but does no damage.
You sock the gnoll! The gnoll hits you but does no damage.
The gnoll sergeant hits you from afar with a +0 spear. 😮 HP[-5]
You take 5 damage, and now have 39/71 hp.
You barely miss the gnoll. You headbutt the gnoll.
You kill the gnoll!
The gnoll sergeant hits you but does no damage.
You hit the ice beast. You headbutt the ice beast! The ice beast misses you.
You block the gnoll sergeant's attack.
You completely miss the ice beast. The ice beast closely misses you.
The gnoll sergeant hits you from afar with a +0 spear. 😮 HP[-2] MP[+1]
You take 2 damage, and now have 37/71 hp.
Your mp is fully restored (7).
You hit the ice beast but do no damage. Your headbutt misses the ice beast.
You block the ice beast's attack.
The gnoll sergeant hits you from afar with a +0 spear!
* * * LOW HITPOINT WARNING * * *
The ice beast hits you.
* * * LOW HITPOINT WARNING * * *
The ice beast freezes you!
* * * LOW HITPOINT WARNING * * *
😨 HP[-19] MP[-3]
You take 19 damage, and now have 18/71 hp.
MASSIVE DAMAGE!! (PAUSE)
You lost 3 mp, and now have 4/7 mp.
You closely miss the ice beast. You headbutt the ice beast.
The gnoll sergeant closely misses you.
The ice beast barely misses you. 😨 HP[+1]
You closely miss the ice beast. Your headbutt misses the ice beast.
You block the gnoll sergeant's attack. The ice beast completely misses you.
You hit the ice beast but do no damage.
The gnoll sergeant hits you from afar with a +0 spear.
* * * LOW HITPOINT WARNING * * *
You block the ice beast's attack.
The gnoll sergeant hits you from afar with a +0 spear!
* * * LOW HITPOINT WARNING * * *
😱 HP[-7] MP[-1]
You take 7 damage, and now have 12/71 hp.
You lost 1 mp, and now have 3/7 mp.
You hit the ice beast. You block the ice beast's attack.
The gnoll sergeant hits you from afar with a +0 spear.
* * * LOW HITPOINT WARNING * * *
😱 HP[-1]
You take 1 damage, and now have 11/71 hp.
You hit the ice beast. You block the ice beast's attack.
A scorpion comes into view.
The gnoll sergeant hits you but does no damage. 😱 HP[+1]
You closely miss the ice beast. The ice beast hits you.
The ice beast freezes you!
You die...

Skill      XL: |  1  2  3  4  5  6  7 |
---------------+----------------------+-----
Maces & Flails | 1 2 3 4 |  4.9
Fighting       | 4 5 6 |  6.4
Armour         | 4 5 6 |  6.4
Shields        | 4 5 6 |  6.3
Axes           | 3 4 5 |  5.7

Action                   |  1- 3 |  4- 6 |  7- 9 || total
-------------------------+-------+-------+-------++-------
Melee: War axe           |    68 |   123 |    38 ||   229
       Headbutt          |     5 |    24 |    14 ||    43
       Flail             |       |     3 |    32 ||    35
 Fire: Hunting sling     |       |     5 |     3 ||     8
Throw: Stone             |       |     1 |     1 ||     2
  Use: Scroll            |       |     1 |       ||     1
Armor: Scale mail        |    27 |     9 |       ||    36
       Ring mail         |       |    48 |    25 ||    73
       Skin              |       |       |    21 ||    21
Dodge: Dodged            |    33 |    68 |    39 ||   140
Block: Buckler           |    16 |    32 |    27 ||    75

Levels and vault maps discovered:
D:1:      erik_arrival_orb_chamber, layout_loops_corners,
          dreamdust_ecumenical_altar_grove
D:2:      minmay_chambers_of_twos, layout_basic
D:3:      cheibrodos_fertilizer, layout_rooms, overflow_temple_1_default
D:4:      layout_loops_corners
D:5:      layout_rooms, fedhas_ov_isle_minmay
D:6:      layout_loops_ring, minmay_temple_entry_gardened_gates, minivault_23,
          uniq_duvessa

Notes
Turn   | Place    | Note
-------+----------+-------------------------------------------
     0 | D:1      | AmazingTV the Minotaur Fighter began the quest for the Orb.
     0 | D:1      | Reached XP level 1. HP: 19/19 MP: 0/0
     0 | D:1      | magus.rc [v1.9.6]
   291 | D:1      | Found a faded altar of an unknown god.
   297 | D:1      | Reached XP level 2. HP: 27/27 MP: 1/1
   538 | D:1      | Reached skill level 1 in Maces & Flails
   937 | D:2      | Reached skill level 4 in Fighting
   937 | D:2      | Reached skill level 4 in Armour
   937 | D:2      | Reached skill level 4 in Shields
   937 | D:2      | Reached XP level 3. HP: 33/33 MP: 2/2
  1116 | D:2      | Reached skill level 3 in Axes
  1290 | D:2      | Reached XP level 4. HP: 39/40 MP: 3/3
  1395 | D:2      | Reached skill level 2 in Maces & Flails
  2037 | D:3      | Reached XP level 5. HP: 42/47 MP: 4/4
  2043 | D:3      | HP: 10/47 [frozen (3)]
  2561 | D:3      | Found an ancient bone altar of Kikubaaqudgha.
  2896 | D:4      | HP: 9/47 [gnoll shaman (5)]
  3198 | D:4      | Reached skill level 4 in Axes
  3198 | D:4      | Reached XP level 6. HP: 55/55 MP: 5/5
  3199 | D:4      | Reached skill level 5 in Fighting
  3202 | D:4      | Reached skill level 5 in Armour
  3714 | D:4      | Reached skill level 3 in Maces & Flails
  3714 | D:4      | Reached skill level 5 in Shields
  3983 | D:5      | Entered Level 5 of the Dungeon
  4054 | D:5      | Noticed a wraith
  4063 | D:5      | Killed a wraith
  4064 | D:5      | Reached XP level 7. HP: 32/61 MP: 3/6
  4402 | D:5      | Found a blossoming altar of Fedhas.
  4415 | D:5      | Reached skill level 5 in Axes
  4415 | D:5      | Reached skill level 4 in Maces & Flails
  4664 | D:5      | magus.rc [v1.9.6]
  4785 | D:5      | Reached skill level 6 in Fighting
  4863 | D:5      | Reached skill level 6 in Armour
  4863 | D:5      | Reached skill level 6 in Shields
  4968 | D:5      | Reached XP level 8. HP: 70/70 MP: 7/7
  5130 | D:6      | Noticed Dowan
  5134 | D:6      | Noticed Duvessa
  5147 | D:6      | Killed Duvessa
  5175 | D:6      | HP: 12/71 [gnoll sergeant (6)]
  5178 | D:6      | Slain by an ice beast

Vanquished Creatures
  A wraith (D:5)
  Duvessa (D:6)
  An ogre (D:5)
  A centaur (D:5)
  3 scorpions (D:5)
  2 hounds (D:4)
  A bullfrog zombie (D:4)
  6 jellies
  2 bullfrog skeletons
  A scorpion zombie (D:5)
  An iguana (D:4)
  A hound zombie (D:5)
  A howler monkey skeleton (D:5)
  6 adders
  4 gnolls
  An ufetubus (D:4)
  An adder skeleton (D:4)
  3 worms
  A dart slug (D:2)
  4 orcs (D:4)
  9 ball pythons
  4 bats
  14 endoplasms
  9 goblins
  3 hobgoblins
  6 jackals
  14 kobolds
  2 quokkas (D:1)
  3 frilled lizards
  6 rats
  A toadstool (D:3)
113 creatures vanquished.

Vanquished Creatures (others)
  5 fungi
  A plant (D:1)
  6 toadstools (D:3)
12 creatures vanquished.

Grand Total: 125 creatures vanquished

Table legend:
 A = Non-vault XP
 B = Vault XP
 C = Vault XP percentage of total XP
 D = Non-vault monster count
 E = Vault monster count
 F = Vault count percentage of total count
                 A         B        C        D         E       F
            +---------+---------+-------+---------+---------+-------
      Total |    1433 |     289 |  16.8 |      86 |      26 |  23.2
            +---------+---------+-------+---------+---------+-------
        D:1 |      34 |       0 |   0.0 |      20 |       0 |   0.0
        D:2 |     109 |      24 |  18.0 |      24 |       8 |  25.0
        D:3 |       9 |     111 |  92.5 |       6 |      17 |  73.9
        D:4 |     262 |       0 |   0.0 |      19 |       0 |   0.0
        D:5 |     953 |       0 |   0.0 |      14 |       0 |   0.0
        D:6 |      66 |     154 |  70.0 |       3 |       1 |  25.0
            +---------+---------+-------+---------+---------+-------

Illustrated notes

Table legend:
 A = Kills in this place as a percentage of kills in entire the game.
 B = Kills by you in this place as a percentage of kills by you in the entire game.
 C = Kills by friends in this place as a percentage of kills by friends in the entire game.
 D = Other kills in this place as a percentage of other kills in the entire game.
 E = Experience gained in this place as a percentage of experience gained in the entire game.
 F = Experience gained in this place divided by the number of levels of this place that you have seen.
                   A       B       C       D       E      F
               +-------+-------+-------+-------+-------+----------------------
         Total | 100.0 | 100.0 |   N/A |   N/A | 100.0 | 287.0
       Dungeon | 100.0 | 100.0 |   N/A |   N/A | 100.0 | 287.0
               +-------+-------+-------+-------+-------+----------------------

Table legend: (Time is in decaauts)
 A = Elapsed time spent in this place.
 B = Non-inter-level travel time spent in this place.
 C = Inter-level travel time spent in this place.
 D = Time resting spent in this place.
 E = Time spent auto-exploring this place.
 F = Levels seen in this place.
 G = Mean time per level.
                   A        B        C        D        E       F      G
               +--------+--------+--------+--------+--------+-----+--------+
         Total |   5266 |   5041 |    225 |    730 |   3538 |   6 |  877.7 |
       Dungeon |   5266 |   5041 |    225 |    730 |   3538 |   6 |  877.7 |
               +--------+--------+--------+--------+--------+-----+--------+

Top non-repeatable levels by time:
     D:4: 1144 daAuts
     D:5: 1117 daAuts
     D:2: 994 daAuts
     D:3: 980 daAuts
     D:1: 928 daAuts
     D:6: 100 daAuts
